 Dungeon Crawl Stone Soup version 0.31-a0-835-g2a3a5bc3be (webtiles) character file.

Game seed: 8396083026077534328

83 12345 the Shooter (level 4, -2/26 HPs)
             Began as a Deep Elf Hunter on Sept 26, 2023.
             Slain by an ogre
             ... wielding a +0 giant club
              (28 damage)
             ... on level 3 of the Dungeon.
             The game lasted 00:03:21 (2445 turns).

12345 the Shooter (Deep Elf Hunter)                 Turns: 2445, Time: 00:03:21

Health: -2/26      AC:  4    Str:  8    XL:     4   Next: 22%
Magic:  6/6        EV: 13    Int: 14    God:
Gold:   143        SH:  0    Dex: 20    Spells: 3/3 levels left

rFire   . . .        a - +0 shortbow
rCold   . . .        (shield currently unavailable)
rNeg    . . .        c - +0 leather armour
rPois   .            (no helmet)
rElec   .            (no cloak)
rCorr   .            m - +0 pair of gloves
SInv    +            (no boots)
Will    .....        (no amulet)
Stlth   ++           e - ring of see invisible
HPRegen 0.24/turn    (no ring)
MPRegen 0.10/turn

%: no passive effects
@: no status effects
A: no striking features
a: no special abilities


You were on level 3 of the Dungeon.
You visited 1 branch of the dungeon, and saw 3 of its levels.

You collected 143 gold pieces.

Inventory:

Hand Weapons
 a - a +0 shortbow (weapon)
Armour
 c - a +0 leather armour (worn)
 m - a +0 pair of gloves (worn)
Jewellery
 e - a ring of see invisible (left hand)
Scrolls
 b - a scroll of butterflies
 d - a scroll of silence {unknown}
 g - a scroll of poison {unknown}
 i - 2 scrolls of teleportation {unknown}
 l - a scroll of noise {unknown}
 o - a scroll of immolation {unknown}
 p - a scroll of enchant weapon {unknown}
 q - a scroll of fog {unknown}
Potions
 f - 3 potions of brilliance {unknown}
 h - 2 potions of curing {unknown}
 j - a potion of cancellation {unknown}
 k - 3 potions of lignification {unknown}
 n - a potion of heal wounds {unknown}


   Skills:
 + Level 2.1 Fighting
 * Level 6.3 Ranged Weapons
 + Level 3.3 Dodging
 + Level 2.5 Stealth


You had 3 spell levels left.
You didn't know any spells.
Your spell library was empty.

Dungeon Overview and Level Annotations

Branches:
Dungeon (3/15)

Altars:


Message History

The hobgoblin is lightly wounded.
You hear an angry hiss.
A ball python comes into view.
You shoot an arrow. The ball python hisses angrily.
The arrow hits the ball python.
You kill the ball python!
You shoot an arrow.
The arrow hits the hobgoblin but does no damage.
The hobgoblin is lightly wounded.
You shoot an arrow. The arrow hits the hobgoblin.
The hobgoblin is moderately wounded.
The hobgoblin misses you.
You shoot an arrow. The arrow hits the hobgoblin!
You kill the hobgoblin!
No target in view!
No target in view!
No target in view!
q - a scroll labelled WEONAY HONACO An ogre is nearby!
An ogre is nearby!
You shoot an arrow. The arrow hits the ogre!
The ogre is moderately wounded.
You shoot an arrow. The arrow hits the ogre.
The ogre is heavily wounded.
You shoot an arrow.
The arrow hits the ogre but does no damage.
The ogre is heavily wounded.
You shoot an arrow. The arrow hits the ogre.
The ogre is heavily wounded.
You shoot an arrow. The arrow hits the ogre.
The ogre is severely wounded.
You shoot an arrow.
The arrow hits the ogre but does no damage.
The ogre is severely wounded.
You shoot an arrow. The arrow hits the ogre.
The ogre is almost dead.
The ogre hits you with a +0 giant club!!
Ouch! That really hurt!
You die...

##.#.##.#...........#
####.#.....<..#####.#.#
#.............#####.#.#
#.#####.............#.###
#.# #.......###.......#
#.# #.......# #.###.#.#
#.# ####.#### #.##..#.#
#.# #####O## #O##.##.#
#.####.##.@.# #.......#
#...........########.####
###.##..#...##..O....#
##.#####.#####.#######
#.## ##..###.# #.#
#......# #### ###.##
##..##### #... #.†..#
##.#.# ########...
#†#######.##.##
#..........


You could see an ogre.

Vanquished Creatures
  An adder (D:3)
  A worm (D:2)
  2 dart slugs (D:1)
  2 orcs (D:3)
  6 bats
  5 endoplasms
  10 giant cockroaches
  4 goblins
  7 hobgoblins
  3 kobolds (D:1)
  3 quokkas
  5 ball pythons
  3 frilled lizards
  9 rats
61 creatures vanquished.

Notes
Turn   | Place    | Note
-------+----------+-------------------------------------------
     0 | D:1      | 12345 the Deep Elf Hunter began the quest for the Orb.
     0 | D:1      | Reached XP level 1. HP: 12/12 MP: 3/3
   232 | D:1      | Reached XP level 2. HP: 17/17 MP: 4/4
   506 | D:1      | just spaming o and tab wow so entertaining
   848 | D:1      | Reached XP level 3. HP: 18/21 MP: 5/5
  1087 | D:2      | Reached skill level 6 in Ranged Weapons
  1903 | D:3      | Reached XP level 4. HP: 26/26 MP: 6/6
  2165 | D:3      | Noticed an ogre
  2445 | D:3      | Slain by an ogre

Illustrated notes

### ..# #.# #.# #.#
#.####### #........
################@#######
....................[...
################.#######
###


Turn 506 on D:1: just spaming o and tab wow so entertaining

Levels and vault maps discovered:
D:1:      dpeg_arrival_rhombi, layout_basic, minmay_ruptured
D:2:      wander_river, layout_loops_ring, serial_glass, glass_columns_b,
          glass_columns_a
D:3:      minmay_roachtagon, layout_loops_cross, lemuel_tele_altar,
          uniq_terence, uniq_robin

Skill      XL: |  1  2  3 |
---------------+----------+-----
Stealth        | 2 |  2.5
Ranged Weapons | 6 |  6.3
Dodging        | 3 |  3.3
Fighting       | 2 |  2.1

Action                     |  1- 3 |  4- 6 || total
---------------------------+-------+-------++-------
   Fire: Shortbow          |   129 |    24 ||   153
 Armour: Leather armour    |    18 |     2 ||    20
  Dodge: Dodged            |    26 |     1 ||    27

Table legend: (Time is in decaauts)
 A = Elapsed time spent in this place.
 B = Non-inter-level travel time spent in this place.
 C = Inter-level travel time spent in this place.
 D = Time resting spent in this place.
 E = Time spent auto-exploring this place.
 F = Levels seen in this place.
 G = Mean time per level.
                   A        B        C        D        E       F      G
               +--------+--------+--------+--------+--------+-----+--------+
         Total |   2487 |   2307 |    180 |    287 |   1631 |   3 |  829.0 |
       Dungeon |   2487 |   2307 |    180 |    287 |   1631 |   3 |  829.0 |
               +--------+--------+--------+--------+--------+-----+--------+

Top non-repeatable levels by time:
     D:1: 895 daAuts
     D:2: 864 daAuts
     D:3: 728 daAuts
